[ AOE2 MATCH · #465997226 ]
UnrankedSicilians vs Magyars
[ REPLAY ANALYSIS · EXTRACTED FROM THE RECORDED GAME ]
Feudal
11:44
Castle
15:36
Imperial
30:07
| APM avg | 43.0 |
| APM peak | 77 |
| eAPM avg | 25.9 |
| Villagers / military | 171 / 96 |
Focus
⚔️ 32.2% · 🌾 67.8%
Serjeant ×91 · Trebuchet (Packed) ×4 · Monk ×1
Feudal
13:34
Castle
17:39
Imperial
33:29
| APM avg | 29.1 |
| APM peak | 84 |
| eAPM avg | 20.9 |
| Villagers / military | 153 / 220 |
Focus
⚔️ 42.4% · 🌾 57.6%
Spearman ×118 · Militia ×88 · Hussite Wagon ×9 · Trebuchet (Packed) ×5
Feudal
13:26
Castle
18:51
Imperial
37:13
| APM avg | 48.2 |
| APM peak | 82 |
| eAPM avg | 22.2 |
| Villagers / military | 153 / 87 |
Focus
⚔️ 34.8% · 🌾 65.2%
Knight ×57 · Cavalry Archer ×23 · Trebuchet (Packed) ×3 · Monk ×2 · Scout Cavalry ×2
Feudal
14:02
Castle
18:08
Imperial
35:15
| APM avg | 31.7 |
| APM peak | 53 |
| eAPM avg | 21.3 |
| Villagers / military | 115 / 108 |
Focus
⚔️ 36.7% · 🌾 63.3%
Eagle Scout ×82 · Monk ×11 · Battering Ram ×8 · Trebuchet (Packed) ×6 · Mangonel ×1
Feudal
13:35
Castle
17:36
Imperial
34:36
| APM avg | 32.3 |
| APM peak | 75 |
| eAPM avg | 21.2 |
| Villagers / military | 270 / 103 |
Focus
⚔️ 23.9% · 🌾 76.1%
Coustillier ×58 · Skirmisher ×42 · Trebuchet (Packed) ×3
Feudal
13:15
Castle
17:04
Imperial
35:54
| APM avg | 35.2 |
| APM peak | 69 |
| eAPM avg | 23.9 |
| Villagers / military | 176 / 220 |
Focus
⚔️ 31.2% · 🌾 68.8%
Huskarl ×150 · Spearman ×64 · Hand Cannoneer ×5 · Trebuchet (Packed) ×1
Feudal
16:01
Castle
20:45
Imperial
—
| APM avg | 17.4 |
| APM peak | 50 |
| eAPM avg | 8.4 |
| Villagers / military | 58 / 23 |
Focus
⚔️ 26.2% · 🌾 73.8%
Ratha (Ranged) ×16 · Militia ×3 · Battle Elephant ×2 · Monk ×1 · Armored Elephant ×1
Feudal
13:42
Castle
18:36
Imperial
34:43
| APM avg | 42.8 |
| APM peak | 76 |
| eAPM avg | 26.0 |
| Villagers / military | 131 / 94 |
Focus
⚔️ 31.9% · 🌾 68.1%
Knight ×59 · Obuch ×25 · Archer ×2 · Spearman ×2 · Cavalry Archer ×2 · Monk ×2
Match map
Initial resources + every placement click. Lines = walls · curves = elevation contours. ◆ gold · ⬟ stone · ● berries · ✦ relic · ◌ wall gap
Your base· Open — unwalled flank
YuhArtyKnow's base· Open — unwalled flank
Ez4u2nv's base· Open — unwalled flank
Raggamuffin''s base· Open — unwalled flank
Kebek's base· Open — 14t gap
DH Aragorn6222's base· Open — unwalled flank
MacMllr's base· Open — 11t gap
vinniegee's base· Open — 13t gap
Smoothed initial terrain · ◌ = detected wall gap · hover for details
Inputs per minute
— Jesse Welles - - YuhArtyKnow
Build order — Jesse Welles
First 150 of 476 actions detected
| 0:16 | Build | Town Center |
| 1:12 | Build | House |
| 2:21 | Create | Villager (Male) |
| 2:21 | Create | Villager (Male) |
| 2:21 | Create | Villager (Male) |
| 2:21 | Create | Villager (Male) |
| 2:22 | Create | Villager (Male) |
| 3:18 | Build | House |
| 3:21 | Create | Villager (Male) |
| 3:21 | Create | Villager (Male) |
| 4:00 | Create | Villager (Male) |
| 4:00 | Create | Villager (Male) |
| 4:37 | Create | Villager (Male) |
| 4:37 | Create | Villager (Male) |
| 4:38 | Create | Villager (Male) |
| 4:53 | Build | Mill |
| 5:05 | Create | Villager (Male) |
| 5:05 | Create | Villager (Male) |
| 5:50 | Create | Villager (Male) |
| 5:50 | Create | Villager (Male) |
| 6:12 | Create | Villager (Male) |
| 6:12 | Create | Villager (Male) |
| 6:33 | Build | Palisade Wall |
| 6:38 | Build | Palisade Wall |
| 6:46 | Build | Palisade Wall |
| 6:51 | Build | House |
| 6:51 | Create | Villager (Male) |
| 6:51 | Create | Villager (Male) |
| 7:00 | Create | Villager (Male) |
| 7:12 | Create | Villager (Male) |
| 7:12 | Create | Villager (Male) |
| 7:31 | Build | Mining Camp |
| 7:54 | Create | Villager (Male) |
| 8:20 | Build | Palisade Wall |
| 8:23 | Build | Palisade Wall |
| 8:41 | Create | Villager (Male) |
| 9:24 | Build | House |
| 9:34 | Research | Feudal Age |
| 9:41 | Build | Palisade Wall |
| 9:47 | Build | Palisade Wall |
| 10:01 | Build | Palisade Wall |
| 10:42 | Build | House |
| 11:43 | Create | Villager (Male) |
| 11:44 | Age | Feudal Age |
| 11:45 | Build | Market |
| 11:47 | Build | Blacksmith |
| 11:50 | Create | Villager (Male) |
| 12:56 | Research | Castle Age |
| 14:00 | Build | Lumber Camp |
| 14:36 | Research | Double-Bit Axe |
| 14:36 | Research | Double-Bit Axe |
| 15:04 | Create | Villager (Male) |
| 15:32 | Build | House |
| 15:36 | Age | Castle Age |
| 15:38 | Build | Town Center |
| 15:41 | Create | Villager (Male) |
| 15:45 | Research | Bow Saw |
| 15:45 | Research | Bow Saw |
| 16:10 | Create | Villager (Male) |
| 16:42 | Research | Loom |
| 16:45 | Create | Villager (Male) |
| 16:48 | Build | Monastery |
| 17:14 | Create | Villager (Male) |
| 17:15 | Create | Villager (Male) |
| 17:31 | Build | Palisade Wall |
| 17:36 | Create | Monk |
| 17:40 | Build | Town Center |
| 17:41 | Create | Villager (Male) |
| 17:47 | Build | Farm |
| 17:54 | Create | Villager (Male) |
| 17:56 | Create | Villager (Male) |
| 18:01 | Build | House |
| 18:07 | Create | Villager (Male) |
| 18:28 | Build | Farm |
| 18:30 | Research | Horse Collar |
| 18:49 | Create | Villager (Male) |
| 18:50 | Create | Villager (Male) |
| 18:52 | Create | Villager (Male) |
| 18:53 | Create | Villager (Male) |
| 18:56 | Build | Farm |
| 19:12 | Create | Villager (Male) |
| 19:19 | Create | Villager (Male) |
| 19:20 | Create | Villager (Male) |
| 19:29 | Build | Farm |
| 19:30 | Build | Farm |
| 19:31 | Build | Farm |
| 19:44 | Build | Town Center |
| 19:46 | Create | Villager (Male) |
| 19:51 | Build | Farm |
| 20:05 | Build | Farm |
| 20:06 | Create | Villager (Male) |
| 20:09 | Create | Villager (Male) |
| 20:15 | Build | Farm |
| 20:16 | Create | Villager (Male) |
| 20:17 | Create | Villager (Male) |
| 20:18 | Create | Villager (Male) |
| 20:27 | Build | Farm |
| 20:35 | Create | Villager (Male) |
| 20:36 | Create | Villager (Male) |
| 20:40 | Build | Farm |
| 20:43 | Build | Farm |
| 20:47 | Build | House |
| 20:56 | Build | House |
| 20:57 | Build | House |
| 21:04 | Build | House |
| 21:05 | Create | Villager (Male) |
| 21:06 | Create | Villager (Male) |
| 21:07 | Create | Villager (Male) |
| 21:20 | Build | Farm |
| 21:23 | Create | Villager (Male) |
| 21:34 | Create | Villager (Male) |
| 21:34 | Create | Villager (Male) |
| 21:37 | Create | Villager (Male) |
| 21:40 | Build | House |
| 21:47 | Build | Farm |
| 21:48 | Create | Villager (Male) |
| 21:53 | Build | Farm |
| 22:00 | Create | Villager (Male) |
| 22:01 | Create | Villager (Male) |
| 22:11 | Build | Farm |
| 22:18 | Build | Farm |
| 22:23 | Create | Villager (Male) |
| 22:24 | Create | Villager (Male) |
| 22:27 | Create | Villager (Male) |
| 22:31 | Build | Farm |
| 22:32 | Build | Farm |
| 22:33 | Build | Farm |
| 22:43 | Build | Farm |
| 22:44 | Create | Villager (Male) |
| 22:45 | Create | Villager (Male) |
| 22:56 | Research | Wheelbarrow |
| 22:56 | Research | Wheelbarrow |
| 22:59 | Build | Farm |
| 23:03 | Create | Villager (Male) |
| 23:09 | Build | House |
| 23:10 | Build | House |
| 23:12 | Create | Villager (Male) |
| 23:15 | Create | Villager (Male) |
| 23:21 | Build | Farm |
| 23:22 | Build | Farm |
| 23:24 | Build | Farm |
| 23:30 | Create | Villager (Male) |
| 23:32 | Build | House |
| 23:32 | Build | House |
| 23:35 | Build | Farm |
| 23:36 | Create | Villager (Male) |
| 23:56 | Build | Town Center |
| 23:57 | Create | Villager (Male) |
| 24:01 | Research | Heavy Plow |
| 24:04 | Create | Villager (Male) |
Build order — YuhArtyKnow
First 150 of 544 actions detected
| 0:12 | Build | Town Center |
| 2:14 | Create | Villager (Male) |
| 2:14 | Research | Loom |
| 2:14 | Create | Villager (Male) |
| 2:14 | Create | Villager (Male) |
| 2:15 | Create | Villager (Male) |
| 2:15 | Create | Villager (Male) |
| 3:30 | Build | House |
| 3:33 | Build | House |
| 4:04 | Create | Villager (Male) |
| 4:04 | Create | Villager (Male) |
| 4:53 | Create | Villager (Male) |
| 4:53 | Create | Villager (Male) |
| 4:54 | Create | Villager (Male) |
| 5:51 | Create | Villager (Male) |
| 5:51 | Create | Villager (Male) |
| 5:53 | Create | Villager (Male) |
| 5:53 | Create | Villager (Male) |
| 6:03 | Build | House |
| 6:53 | Create | Villager (Male) |
| 6:54 | Create | Villager (Male) |
| 7:18 | Create | Villager (Male) |
| 8:28 | Build | Mill |
| 8:38 | Create | Villager (Male) |
| 8:40 | Create | Villager (Male) |
| 9:11 | Create | Villager (Male) |
| 9:31 | Create | Villager (Male) |
| 9:32 | Create | Villager (Male) |
| 9:42 | Build | House |
| 10:12 | Build | Mining Camp |
| 11:24 | Research | Feudal Age |
| 11:52 | Build | House |
| 12:02 | Create | Villager (Male) |
| 12:02 | Create | Villager (Male) |
| 13:34 | Age | Feudal Age |
| 13:44 | Build | Market |
| 13:50 | Build | Blacksmith |
| 14:29 | Build | Mill |
| 14:43 | Build | Lumber Camp |
| 14:59 | Research | Castle Age |
| 15:38 | Create | Villager (Male) |
| 15:42 | Research | Double-Bit Axe |
| 16:05 | Research | Horse Collar |
| 16:49 | Research | Town Watch |
| 17:00 | Build | Farm |
| 17:05 | Build | Farm |
| 17:07 | Build | Farm |
| 17:15 | Build | Farm |
| 17:32 | Create | Villager (Male) |
| 17:39 | Age | Castle Age |
| 17:41 | Build | Town Center |
| 18:28 | Build | Town Center |
| 18:33 | Build | Farm |
| 18:53 | Create | Villager (Male) |
| 18:53 | Create | Villager (Male) |
| 18:54 | Create | Villager (Male) |
| 18:55 | Create | Villager (Male) |
| 18:56 | Create | Villager (Male) |
| 19:03 | Build | Farm |
| 19:06 | Build | Farm |
| 19:07 | Create | Villager (Male) |
| 19:32 | Create | Villager (Male) |
| 19:40 | Build | Farm |
| 19:42 | Build | Farm |
| 19:50 | Build | House |
| 19:50 | Build | House |
| 20:03 | Create | Villager (Male) |
| 20:03 | Create | Villager (Male) |
| 20:03 | Create | Villager (Male) |
| 20:04 | Create | Villager (Male) |
| 20:21 | Build | Farm |
| 20:22 | Build | Farm |
| 20:23 | Build | Farm |
| 20:25 | Create | Villager (Male) |
| 20:25 | Create | Villager (Male) |
| 20:40 | Build | Farm |
| 20:56 | Create | Villager (Male) |
| 21:00 | Build | Farm |
| 21:01 | Create | Villager (Male) |
| 21:02 | Create | Villager (Male) |
| 21:02 | Create | Villager (Male) |
| 21:08 | Build | Farm |
| 21:14 | Build | House |
| 21:15 | Create | Villager (Male) |
| 21:16 | Create | Villager (Male) |
| 21:29 | Create | Villager (Male) |
| 21:30 | Create | Villager (Male) |
| 21:34 | Build | Farm |
| 21:37 | Build | Farm |
| 21:42 | Create | Villager (Male) |
| 21:42 | Create | Villager (Male) |
| 21:51 | Create | Villager (Male) |
| 21:52 | Create | Villager (Male) |
| 21:54 | Build | House |
| 22:08 | Create | Villager (Male) |
| 22:09 | Create | Villager (Male) |
| 22:18 | Create | Villager (Male) |
| 22:18 | Create | Villager (Male) |
| 22:22 | Build | Lumber Camp |
| 22:26 | Create | Villager (Male) |
| 22:26 | Create | Villager (Male) |
| 22:29 | Build | Farm |
| 22:33 | Build | Farm |
| 22:34 | Create | Villager (Male) |
| 22:34 | Create | Villager (Male) |
| 22:38 | Build | House |
| 22:46 | Build | Farm |
| 22:48 | Create | Villager (Male) |
| 22:49 | Create | Villager (Male) |
| 22:49 | Create | Villager (Male) |
| 23:05 | Create | Villager (Male) |
| 23:19 | Research | Wheelbarrow |
| 23:23 | Build | Monastery |
| 23:23 | Create | Villager (Male) |
| 23:23 | Create | Villager (Male) |
| 23:41 | Create | Villager (Male) |
| 23:41 | Create | Villager (Male) |
| 23:46 | Create | Villager (Male) |
| 23:46 | Create | Villager (Male) |
| 23:52 | Create | Villager (Male) |
| 23:53 | Create | Villager (Male) |
| 23:58 | Build | Outpost |
| 23:59 | Create | Villager (Male) |
| 24:00 | Create | Villager (Male) |
| 24:04 | Build | Farm |
| 24:04 | Build | Farm |
| 24:05 | Build | Farm |
| 24:05 | Build | Farm |
| 24:09 | Research | Fervor |
| 24:21 | Build | House |
| 24:22 | Build | House |
| 24:23 | Create | Villager (Male) |
| 24:29 | Build | House |
| 24:30 | Build | House |
| 24:31 | Build | House |
| 24:32 | Create | Villager (Male) |
| 24:34 | Create | Villager (Male) |
| 24:40 | Create | Villager (Male) |
| 24:48 | Build | Castle |
| 24:51 | Create | Villager (Male) |
| 24:52 | Create | Villager (Male) |
| 25:07 | Create | Villager (Male) |
| 25:19 | Create | Villager (Male) |
| 25:19 | Create | Villager (Male) |
| 25:22 | Create | Villager (Male) |
| 25:27 | Build | Mill |
| 25:27 | Build | Farm |
| 25:28 | Build | Farm |
| 25:28 | Build | Farm |
| 25:28 | Build | Farm |
Build order — Ez4u2nv
First 150 of 425 actions detected
| 0:17 | Build | House |
| 0:17 | Build | House |
| 0:29 | Build | Town Center |
| 1:35 | Build | Lumber Camp |
| 2:35 | Build | Palisade Wall |
| 2:36 | Build | Palisade Wall |
| 2:59 | Create | Villager (Male) |
| 3:00 | Create | Villager (Male) |
| 3:00 | Create | Villager (Male) |
| 3:00 | Create | Villager (Male) |
| 3:29 | Create | Villager (Male) |
| 3:38 | Build | Palisade Wall |
| 3:46 | Build | Palisade Wall |
| 3:50 | Build | Palisade Wall |
| 3:59 | Build | Palisade Wall |
| 4:22 | Research | Loom |
| 4:53 | Create | Villager (Male) |
| 5:26 | Create | Villager (Male) |
| 5:27 | Create | Villager (Male) |
| 6:02 | Create | Villager (Male) |
| 6:12 | Create | Villager (Male) |
| 6:12 | Create | Villager (Male) |
| 6:52 | Create | Villager (Male) |
| 6:52 | Create | Villager (Male) |
| 7:09 | Create | Villager (Male) |
| 7:27 | Build | House |
| 7:32 | Create | Villager (Male) |
| 7:32 | Create | Villager (Male) |
| 7:52 | Build | House |
| 8:11 | Create | Villager (Male) |
| 8:11 | Create | Villager (Male) |
| 8:37 | Build | Outpost |
| 8:39 | Create | Villager (Male) |
| 9:36 | Create | Villager (Male) |
| 9:41 | Create | Villager (Male) |
| 9:41 | Create | Villager (Male) |
| 9:49 | Build | Mill |
| 10:04 | Create | Villager (Male) |
| 11:06 | Research | Feudal Age |
| 11:12 | Build | Outpost |
| 11:20 | Build | Barracks |
| 11:56 | Build | House |
| 12:05 | Create | Villager (Male) |
| 12:05 | Create | Villager (Male) |
| 12:06 | Create | Villager (Male) |
| 13:17 | Build | Palisade Wall |
| 13:19 | Build | Palisade Wall |
| 13:23 | Build | Palisade Wall |
| 13:26 | Age | Feudal Age |
| 13:35 | Build | Stable |
| 13:40 | Build | House |
| 14:01 | Build | House |
| 14:08 | Build | Blacksmith |
| 14:50 | Create | Villager (Male) |
| 15:10 | Create | Villager (Male) |
| 15:35 | Build | Farm |
| 15:38 | Build | Farm |
| 15:40 | Create | Villager (Male) |
| 16:11 | Research | Castle Age |
| 16:22 | Build | House |
| 16:42 | Build | House |
| 17:11 | Build | Farm |
| 17:14 | Build | Farm |
| 17:16 | Build | Farm |
| 17:50 | Research | Horse Collar |
| 18:01 | Research | Double-Bit Axe |
| 18:09 | Build | Palisade Wall |
| 18:10 | Build | Palisade Wall |
| 18:30 | Build | Farm |
| 18:51 | Age | Castle Age |
| 18:53 | Create | Knight |
| 18:53 | Create | Knight |
| 18:57 | Build | Town Center |
| 19:23 | Build | Market |
| 19:27 | Create | Knight |
| 19:36 | Build | Farm |
| 19:37 | Build | Farm |
| 19:38 | Build | Farm |
| 19:41 | Create | Villager (Male) |
| 19:42 | Create | Villager (Male) |
| 19:42 | Create | Villager (Male) |
| 19:55 | Build | House |
| 19:59 | Build | Palisade Wall |
| 20:10 | Build | Farm |
| 20:22 | Research | Scale Barding Armor |
| 20:36 | Create | Villager (Male) |
| 21:07 | Create | Knight |
| 21:08 | Create | Villager (Male) |
| 21:23 | Build | Town Center |
| 21:30 | Create | Knight |
| 21:30 | Create | Villager (Male) |
| 21:30 | Create | Villager (Male) |
| 21:36 | Create | Villager (Male) |
| 21:49 | Build | Farm |
| 21:59 | Create | Knight |
| 21:59 | Create | Villager (Male) |
| 22:02 | Build | House |
| 22:03 | Build | House |
| 22:19 | Build | House |
| 22:20 | Build | House |
| 22:31 | Create | Villager (Male) |
| 22:31 | Create | Villager (Male) |
| 22:32 | Create | Villager (Male) |
| 22:45 | Create | Knight |
| 22:46 | Create | Villager (Male) |
| 22:48 | Build | Farm |
| 22:59 | Build | Farm |
| 23:02 | Create | Villager (Male) |
| 23:08 | Build | Farm |
| 23:21 | Create | Villager (Male) |
| 23:41 | Create | Villager (Male) |
| 23:43 | Build | House |
| 23:49 | Build | Farm |
| 23:51 | Build | Farm |
| 24:21 | Create | Villager (Male) |
| 24:21 | Create | Villager (Male) |
| 24:21 | Create | Villager (Male) |
| 24:35 | Create | Villager (Male) |
| 24:35 | Create | Villager (Male) |
| 24:36 | Create | Villager (Male) |
| 24:38 | Build | House |
| 24:48 | Build | Monastery |
| 24:55 | Create | Villager (Male) |
| 24:55 | Create | Villager (Male) |
| 25:11 | Create | Villager (Male) |
| 25:12 | Create | Villager (Male) |
| 25:14 | Build | House |
| 25:16 | Build | Town Center |
| 25:24 | Create | Knight |
| 25:29 | Build | Farm |
| 25:40 | Create | Monk |
| 25:43 | Create | Villager (Male) |
| 25:43 | Create | Villager (Male) |
| 25:47 | Build | Farm |
| 25:48 | Build | Farm |
| 25:56 | Create | Villager (Male) |
| 25:56 | Create | Villager (Male) |
| 25:58 | Build | Farm |
| 26:02 | Build | House |
| 26:02 | Build | House |
| 26:05 | Build | House |
| 26:10 | Create | Villager (Male) |
| 26:21 | Create | Villager (Male) |
| 26:21 | Create | Villager (Male) |
| 26:41 | Create | Villager (Male) |
| 26:41 | Create | Villager (Male) |
| 26:41 | Create | Villager (Male) |
| 26:41 | Create | Villager (Male) |
| 26:45 | Build | Farm |
| 26:47 | Build | Farm |
Build order — Raggamuffin'
First 150 of 382 actions detected
| 0:18 | Build | Town Center |
| 0:52 | Build | Lumber Camp |
| 0:54 | Build | House |
| 2:39 | Build | House |
| 2:50 | Create | Villager (Male) |
| 2:51 | Create | Villager (Male) |
| 2:51 | Create | Villager (Male) |
| 2:51 | Create | Villager (Male) |
| 2:51 | Create | Villager (Male) |
| 4:06 | Create | Villager (Male) |
| 4:06 | Create | Villager (Male) |
| 4:34 | Build | House |
| 4:44 | Research | Loom |
| 4:46 | Create | Villager (Male) |
| 5:34 | Create | Villager (Male) |
| 5:58 | Create | Villager (Male) |
| 5:59 | Create | Villager (Male) |
| 6:09 | Create | Villager (Male) |
| 6:09 | Create | Villager (Male) |
| 6:49 | Create | Villager (Male) |
| 6:49 | Create | Villager (Male) |
| 6:49 | Create | Villager (Male) |
| 6:54 | Create | Villager (Male) |
| 6:54 | Create | Villager (Male) |
| 7:04 | Build | House |
| 7:48 | Build | House |
| 8:04 | Create | Villager (Male) |
| 8:05 | Create | Villager (Male) |
| 8:05 | Create | Villager (Male) |
| 8:05 | Create | Villager (Male) |
| 8:05 | Create | Villager (Male) |
| 8:24 | Build | Mill |
| 8:29 | Create | Villager (Male) |
| 8:51 | Create | Villager (Male) |
| 9:13 | Create | Villager (Male) |
| 9:53 | Create | Villager (Male) |
| 9:58 | Create | Villager (Male) |
| 10:15 | Create | Villager (Male) |
| 10:48 | Build | Mining Camp |
| 11:49 | Research | Feudal Age |
| 11:50 | Research | Feudal Age |
| 13:43 | Create | Villager (Male) |
| 13:44 | Create | Villager (Male) |
| 14:02 | Age | Feudal Age |
| 14:08 | Build | Market |
| 14:12 | Build | Blacksmith |
| 14:15 | Build | Palisade Wall |
| 14:18 | Create | Villager (Male) |
| 14:53 | Build | Farm |
| 14:53 | Build | Farm |
| 14:55 | Build | Farm |
| 14:55 | Build | Farm |
| 14:56 | Build | Farm |
| 14:56 | Build | Farm |
| 14:56 | Build | Farm |
| 14:57 | Build | Farm |
| 14:57 | Build | Farm |
| 14:57 | Build | Farm |
| 14:57 | Build | Farm |
| 15:28 | Research | Castle Age |
| 15:28 | Research | Castle Age |
| 15:38 | Create | Villager (Male) |
| 15:49 | Build | Barracks |
| 15:57 | Build | House |
| 16:10 | Build | Barracks |
| 16:11 | Create | Villager (Male) |
| 16:19 | Research | Double-Bit Axe |
| 16:50 | Build | Farm |
| 16:53 | Build | Farm |
| 16:55 | Build | Farm |
| 16:58 | Build | Farm |
| 17:03 | Create | Eagle Scout |
| 17:08 | Build | House |
| 17:14 | Build | House |
| 17:26 | Build | Farm |
| 17:28 | Build | Farm |
| 17:33 | Create | Villager (Male) |
| 17:38 | Build | House |
| 17:42 | Create | Villager (Male) |
| 17:46 | Create | Eagle Scout |
| 17:46 | Create | Eagle Scout |
| 17:51 | Build | Farm |
| 17:52 | Create | Villager (Male) |
| 18:06 | Build | Palisade Wall |
| 18:07 | Build | Palisade Wall |
| 18:08 | Build | Palisade Wall |
| 18:08 | Age | Castle Age |
| 18:10 | Build | Palisade Wall |
| 18:10 | Build | Palisade Wall |
| 18:37 | Research | Forging |
| 19:16 | Build | Siege Workshop |
| 19:17 | Create | Villager (Male) |
| 19:23 | Create | Villager (Male) |
| 19:24 | Create | Eagle Scout |
| 19:25 | Create | Eagle Scout |
| 19:30 | Create | Eagle Scout |
| 19:31 | Create | Eagle Scout |
| 19:41 | Build | Farm |
| 19:42 | Build | Farm |
| 19:45 | Build | Farm |
| 19:47 | Create | Villager (Male) |
| 19:51 | Create | Eagle Scout |
| 20:04 | Create | Eagle Scout |
| 20:04 | Create | Eagle Scout |
| 20:05 | Create | Eagle Scout |
| 20:05 | Create | Eagle Scout |
| 20:05 | Create | Eagle Scout |
| 20:34 | Build | House |
| 20:35 | Build | House |
| 20:38 | Build | House |
| 20:39 | Build | House |
| 20:42 | Create | Villager (Male) |
| 20:45 | Build | Farm |
| 20:46 | Build | Farm |
| 20:47 | Create | Villager (Male) |
| 21:21 | Create | Battering Ram |
| 21:21 | Create | Battering Ram |
| 21:43 | Create | Battering Ram |
| 21:43 | Create | Battering Ram |
| 21:43 | Create | Battering Ram |
| 21:57 | Build | Monastery |
| 21:58 | Create | Villager (Male) |
| 21:59 | Create | Villager (Male) |
| 22:01 | Create | Villager (Male) |
| 22:44 | Create | Villager (Male) |
| 22:44 | Create | Villager (Male) |
| 22:53 | Build | Town Center |
| 23:35 | Create | Monk |
| 23:35 | Create | Monk |
| 23:36 | Create | Monk |
| 23:39 | Create | Villager (Male) |
| 23:40 | Create | Villager (Male) |
| 23:46 | Create | Villager (Male) |
| 24:08 | Create | Monk |
| 24:08 | Create | Monk |
| 24:12 | Research | Sanctity |
| 24:13 | Research | Sanctity |
| 24:13 | Research | Sanctity |
| 24:26 | Create | Villager (Male) |
| 24:31 | Research | Squires |
| 24:31 | Research | Squires |
| 24:32 | Create | Villager (Male) |
| 24:35 | Create | Villager (Male) |
| 24:36 | Create | Villager (Male) |
| 24:39 | Create | Villager (Male) |
| 24:39 | Create | Villager (Male) |
| 24:41 | Build | Farm |
| 24:43 | Build | Farm |
| 24:45 | Build | Farm |
| 24:48 | Build | Farm |
Build order — Kebek
First 150 of 523 actions detected
| 0:08 | Build | Town Center |
| 2:29 | Research | Loom |
| 2:29 | Create | Villager (Male) |
| 2:30 | Create | Villager (Male) |
| 2:30 | Create | Villager (Male) |
| 2:30 | Create | Villager (Male) |
| 2:30 | Create | Villager (Male) |
| 2:31 | Create | Villager (Male) |
| 2:36 | Build | House |
| 2:38 | Build | House |
| 2:41 | Build | House |
| 3:57 | Build | House |
| 4:30 | Create | Villager (Male) |
| 4:30 | Create | Villager (Male) |
| 5:00 | Create | Villager (Male) |
| 5:00 | Create | Villager (Male) |
| 5:23 | Create | Villager (Male) |
| 5:23 | Create | Villager (Male) |
| 5:23 | Create | Villager (Male) |
| 5:42 | Create | Villager (Male) |
| 5:43 | Create | Villager (Male) |
| 6:01 | Create | Villager (Male) |
| 6:01 | Create | Villager (Male) |
| 6:01 | Create | Villager (Male) |
| 6:32 | Create | Villager (Male) |
| 6:37 | Create | Villager (Male) |
| 6:37 | Create | Villager (Male) |
| 6:37 | Create | Villager (Male) |
| 7:03 | Create | Villager (Male) |
| 7:03 | Create | Villager (Male) |
| 7:32 | Create | Villager (Male) |
| 7:33 | Create | Villager (Male) |
| 7:33 | Create | Villager (Male) |
| 7:53 | Create | Villager (Male) |
| 7:54 | Create | Villager (Male) |
| 7:54 | Create | Villager (Male) |
| 7:54 | Create | Villager (Male) |
| 8:24 | Build | Lumber Camp |
| 8:32 | Create | Villager (Male) |
| 9:04 | Research | Double-Bit Axe |
| 9:04 | Research | Double-Bit Axe |
| 9:07 | Create | Villager (Male) |
| 9:27 | Create | Villager (Male) |
| 9:27 | Create | Villager (Male) |
| 9:51 | Create | Villager (Male) |
| 9:51 | Create | Villager (Male) |
| 9:52 | Create | Villager (Male) |
| 9:52 | Create | Villager (Male) |
| 9:52 | Create | Villager (Male) |
| 10:04 | Create | Villager (Male) |
| 10:04 | Create | Villager (Male) |
| 10:04 | Create | Villager (Male) |
| 10:40 | Build | Mining Camp |
| 10:59 | Build | Mill |
| 11:25 | Research | Feudal Age |
| 11:25 | Research | Feudal Age |
| 11:25 | Research | Feudal Age |
| 12:20 | Create | Villager (Male) |
| 12:20 | Create | Villager (Male) |
| 13:35 | Age | Feudal Age |
| 13:43 | Build | Market |
| 13:46 | Build | Blacksmith |
| 14:56 | Research | Castle Age |
| 14:56 | Research | Castle Age |
| 14:57 | Research | Castle Age |
| 14:59 | Research | Bow Saw |
| 15:00 | Research | Bow Saw |
| 15:22 | Build | Mill |
| 15:56 | Research | Horse Collar |
| 16:03 | Build | House |
| 16:04 | Build | House |
| 16:09 | Research | Town Watch |
| 17:14 | Create | Villager (Male) |
| 17:36 | Age | Castle Age |
| 17:37 | Research | Two-Man Saw |
| 17:38 | Research | Two-Man Saw |
| 17:47 | Create | Villager (Male) |
| 17:47 | Create | Villager (Male) |
| 17:48 | Create | Villager (Male) |
| 17:48 | Create | Villager (Male) |
| 17:48 | Create | Villager (Male) |
| 17:48 | Create | Villager (Male) |
| 18:11 | Build | Town Center |
| 19:03 | Build | Town Center |
| 19:33 | Create | Villager (Male) |
| 19:33 | Create | Villager (Male) |
| 19:33 | Create | Villager (Male) |
| 19:34 | Create | Villager (Male) |
| 19:34 | Create | Villager (Male) |
| 19:34 | Create | Villager (Male) |
| 19:34 | Create | Villager (Male) |
| 19:34 | Create | Villager (Male) |
| 19:40 | Build | Farm |
| 19:40 | Build | Farm |
| 19:40 | Build | Farm |
| 19:41 | Build | Farm |
| 19:41 | Build | Farm |
| 19:54 | Build | Farm |
| 20:07 | Create | Villager (Male) |
| 20:08 | Create | Villager (Male) |
| 20:08 | Create | Villager (Male) |
| 20:08 | Create | Villager (Male) |
| 20:08 | Create | Villager (Male) |
| 20:08 | Create | Villager (Male) |
| 20:21 | Build | Farm |
| 20:21 | Build | Farm |
| 20:21 | Build | Farm |
| 20:21 | Build | Farm |
| 20:22 | Build | Farm |
| 20:22 | Build | Farm |
| 20:35 | Create | Villager (Male) |
| 20:35 | Create | Villager (Male) |
| 20:36 | Create | Villager (Male) |
| 20:36 | Create | Villager (Male) |
| 20:37 | Build | Farm |
| 20:47 | Build | Farm |
| 20:53 | Build | Farm |
| 21:01 | Create | Villager (Male) |
| 21:02 | Create | Villager (Male) |
| 21:02 | Create | Villager (Male) |
| 21:15 | Build | Farm |
| 21:15 | Build | Farm |
| 21:15 | Build | Farm |
| 21:27 | Build | Farm |
| 21:30 | Create | Villager (Male) |
| 21:31 | Create | Villager (Male) |
| 21:39 | Build | Farm |
| 21:48 | Build | House |
| 21:53 | Create | Villager (Male) |
| 21:54 | Create | Villager (Male) |
| 21:54 | Create | Villager (Male) |
| 21:56 | Build | House |
| 21:58 | Build | House |
| 21:58 | Build | House |
| 21:59 | Build | House |
| 21:59 | Build | House |
| 22:02 | Create | Villager (Male) |
| 22:02 | Create | Villager (Male) |
| 22:15 | Create | Villager (Male) |
| 22:15 | Create | Villager (Male) |
| 22:16 | Create | Villager (Male) |
| 22:25 | Build | Farm |
| 22:26 | Build | Farm |
| 22:26 | Build | Farm |
| 22:26 | Build | Farm |
| 22:27 | Create | Villager (Male) |
| 22:27 | Create | Villager (Male) |
| 22:41 | Create | Villager (Male) |
| 22:52 | Build | Farm |
| 22:55 | Build | Farm |
Build order — DH Aragorn6222
First 150 of 454 actions detected
| 0:13 | Build | Town Center |
| 0:44 | Build | Lumber Camp |
| 0:51 | Build | House |
| 2:41 | Create | Villager (Male) |
| 2:41 | Create | Villager (Male) |
| 2:41 | Create | Villager (Male) |
| 2:41 | Create | Villager (Male) |
| 2:41 | Create | Villager (Male) |
| 4:12 | Create | Villager (Male) |
| 4:12 | Create | Villager (Male) |
| 4:12 | Create | Villager (Male) |
| 4:12 | Create | Villager (Male) |
| 4:41 | Create | Villager (Male) |
| 4:41 | Create | Villager (Male) |
| 4:42 | Create | Villager (Male) |
| 4:48 | Build | House |
| 4:59 | Build | House |
| 5:05 | Create | Villager (Male) |
| 5:05 | Create | Villager (Male) |
| 5:24 | Build | Mining Camp |
| 5:34 | Create | Villager (Male) |
| 5:34 | Create | Villager (Male) |
| 5:34 | Create | Villager (Male) |
| 5:49 | Research | Loom |
| 6:05 | Create | Villager (Male) |
| 6:05 | Create | Villager (Male) |
| 6:05 | Create | Villager (Male) |
| 6:20 | Create | Villager (Male) |
| 6:21 | Create | Villager (Male) |
| 6:21 | Create | Villager (Male) |
| 6:31 | Build | House |
| 6:46 | Create | Villager (Male) |
| 6:46 | Create | Villager (Male) |
| 6:46 | Create | Villager (Male) |
| 7:03 | Create | Villager (Male) |
| 7:49 | Create | Villager (Male) |
| 7:49 | Create | Villager (Male) |
| 8:01 | Create | Villager (Male) |
| 8:20 | Create | Villager (Male) |
| 8:20 | Create | Villager (Male) |
| 8:20 | Create | Villager (Male) |
| 8:41 | Build | House |
| 9:06 | Create | Villager (Male) |
| 9:06 | Create | Villager (Male) |
| 9:27 | Create | Villager (Male) |
| 9:32 | Build | House |
| 9:52 | Create | Villager (Male) |
| 10:02 | Create | Villager (Male) |
| 10:12 | Create | Villager (Male) |
| 10:53 | Research | Feudal Age |
| 11:06 | Create | Villager (Male) |
| 11:32 | Build | House |
| 11:56 | Build | House |
| 12:35 | Create | Villager (Male) |
| 12:43 | Create | Villager (Male) |
| 13:15 | Age | Feudal Age |
| 13:18 | Build | Blacksmith |
| 13:21 | Build | Mill |
| 13:24 | Create | Villager (Male) |
| 13:46 | Build | Market |
| 14:09 | Create | Villager (Male) |
| 14:12 | Research | Double-Bit Axe |
| 14:12 | Research | Double-Bit Axe |
| 14:24 | Research | Castle Age |
| 14:25 | Research | Castle Age |
| 14:25 | Research | Castle Age |
| 14:39 | Research | Horse Collar |
| 14:39 | Research | Horse Collar |
| 15:22 | Build | House |
| 15:23 | Build | House |
| 15:27 | Research | Gold Mining |
| 15:27 | Research | Gold Mining |
| 16:26 | Create | Villager (Male) |
| 16:30 | Build | House |
| 16:31 | Build | House |
| 16:33 | Build | House |
| 17:04 | Age | Castle Age |
| 17:08 | Build | Town Center |
| 17:26 | Build | Town Center |
| 17:29 | Create | Villager (Male) |
| 17:37 | Research | Bow Saw |
| 17:39 | Create | Villager (Male) |
| 17:46 | Create | Villager (Male) |
| 17:50 | Build | Farm |
| 17:56 | Build | Farm |
| 18:27 | Create | Villager (Male) |
| 18:30 | Create | Villager (Male) |
| 18:38 | Research | Wheelbarrow |
| 18:39 | Create | Villager (Male) |
| 18:52 | Build | Farm |
| 19:01 | Create | Villager (Male) |
| 19:27 | Create | Villager (Male) |
| 19:28 | Create | Villager (Male) |
| 19:32 | Build | Farm |
| 19:37 | Build | Farm |
| 19:39 | Build | Farm |
| 19:44 | Create | Villager (Male) |
| 19:45 | Create | Villager (Male) |
| 19:56 | Create | Villager (Male) |
| 20:22 | Create | Villager (Male) |
| 20:24 | Build | Farm |
| 20:30 | Create | Villager (Male) |
| 20:36 | Build | Farm |
| 20:37 | Create | Villager (Male) |
| 20:55 | Create | Villager (Male) |
| 20:56 | Create | Villager (Male) |
| 21:14 | Build | Town Center |
| 21:16 | Create | Villager (Male) |
| 21:17 | Create | Villager (Male) |
| 21:21 | Create | Villager (Male) |
| 21:21 | Create | Villager (Male) |
| 21:24 | Build | Farm |
| 21:31 | Build | House |
| 21:38 | Build | House |
| 21:43 | Build | Farm |
| 21:45 | Create | Villager (Male) |
| 21:51 | Create | Villager (Male) |
| 21:55 | Create | Villager (Male) |
| 21:55 | Create | Villager (Male) |
| 21:58 | Build | Farm |
| 22:58 | Create | Villager (Male) |
| 22:58 | Create | Villager (Male) |
| 22:59 | Create | Villager (Male) |
| 23:00 | Create | Villager (Male) |
| 23:07 | Build | Farm |
| 23:14 | Build | House |
| 23:16 | Build | House |
| 23:25 | Build | Castle |
| 23:27 | Create | Villager (Male) |
| 23:28 | Create | Villager (Male) |
| 23:29 | Create | Villager (Male) |
| 23:30 | Create | Villager (Male) |
| 23:32 | Create | Villager (Male) |
| 23:34 | Build | Farm |
| 23:35 | Build | Farm |
| 23:39 | Create | Villager (Male) |
| 23:41 | Build | Farm |
| 23:43 | Build | Farm |
| 23:47 | Build | Farm |
| 23:52 | Build | Mining Camp |
| 23:53 | Create | Villager (Male) |
| 23:53 | Create | Villager (Male) |
| 23:53 | Create | Villager (Male) |
| 23:54 | Create | Villager (Male) |
| 24:01 | Build | House |
| 24:02 | Build | House |
| 24:07 | Build | House |
| 24:14 | Build | Barracks |
| 24:15 | Create | Villager (Male) |
| 24:15 | Create | Villager (Male) |
Build order — MacMllr
First 150 of 158 actions detected
| 0:21 | Build | Town Center |
| 1:31 | Build | House |
| 1:37 | Build | House |
| 2:20 | Create | Villager (Male) ×4 |
| 3:37 | Create | Villager (Male) |
| 4:15 | Create | Villager (Male) |
| 4:55 | Create | Villager (Male) |
| 5:09 | Build | House |
| 5:17 | Create | Villager (Male) |
| 5:31 | Create | Villager (Male) |
| 5:58 | Create | Villager (Male) |
| 6:24 | Create | Villager (Male) ×2 |
| 7:12 | Build | Mill |
| 7:33 | Build | Mill |
| 7:41 | Create | Villager (Male) |
| 7:42 | Research | Loom |
| 7:53 | Build | Farm |
| 7:54 | Build | Farm |
| 8:05 | Build | Farm |
| 8:38 | Create | Villager (Male) |
| 8:51 | Build | House |
| 8:57 | Build | Farm |
| 9:01 | Build | Farm |
| 9:22 | Create | Villager (Male) |
| 9:33 | Build | Farm |
| 9:43 | Create | Villager (Male) |
| 10:05 | Create | Villager (Male) |
| 10:06 | Create | Villager (Male) |
| 10:18 | Build | Mill |
| 10:26 | Create | Villager (Male) |
| 10:39 | Build | Palisade Wall |
| 10:51 | Create | Villager (Male) |
| 11:11 | Create | Villager (Male) |
| 11:52 | Create | Villager (Male) |
| 12:10 | Build | Palisade Wall |
| 12:16 | Build | Farm |
| 12:17 | Build | Farm |
| 13:11 | Build | Mining Camp |
| 13:13 | Create | Villager (Male) |
| 13:14 | Create | Villager (Male) |
| 13:26 | Build | House |
| 13:47 | Build | Palisade Wall |
| 13:51 | Research | Feudal Age |
| 14:23 | Build | House |
| 14:27 | Build | House |
| 14:38 | Create | Villager (Male) |
| 15:23 | Build | Mining Camp |
| 15:46 | Create | Villager (Male) |
| 16:01 | Age | Feudal Age |
| 16:16 | Build | Market |
| 17:05 | Build | Blacksmith |
| 17:08 | Create | Villager (Male) |
| 17:44 | Build | Farm |
| 18:05 | Research | Castle Age |
| 18:12 | Build | Barracks |
| 18:18 | Build | Farm |
| 18:55 | Build | Palisade Wall |
| 19:16 | Build | House |
| 19:24 | Build | Farm |
| 19:30 | Build | Farm |
| 19:44 | Build | Farm |
| 19:53 | Build | Lumber Camp |
| 20:00 | Build | House |
| 20:02 | Build | House |
| 20:03 | Build | House |
| 20:09 | Research | Man-at-Arms (upgrade) |
| 20:10 | Create | Militia |
| 20:10 | Create | Militia |
| 20:45 | Age | Castle Age |
| 20:47 | Build | Castle |
| 21:12 | Build | House |
| 21:17 | Build | Palisade Wall |
| 21:32 | Build | Palisade Wall |
| 21:49 | Create | Ratha (Ranged) |
| 22:05 | Build | University |
| 22:24 | Create | Villager (Male) |
| 22:24 | Create | Villager (Male) |
| 22:25 | Create | Villager (Male) |
| 23:09 | Research | Double-Bit Axe |
| 23:43 | Build | Palisade Wall |
| 24:04 | Create | Militia |
| 24:11 | Create | Villager (Male) |
| 24:12 | Create | Villager (Male) |
| 24:12 | Create | Villager (Male) |
| 24:12 | Create | Villager (Male) |
| 24:16 | Research | Horse Collar |
| 24:41 | Create | Villager (Male) |
| 26:13 | Create | Ratha (Ranged) |
| 26:13 | Create | Ratha (Ranged) |
| 26:13 | Create | Ratha (Ranged) |
| 26:46 | Create | Villager (Male) |
| 26:46 | Create | Villager (Male) |
| 26:46 | Create | Villager (Male) |
| 26:50 | Research | Bow Saw |
| 27:08 | Research | Paiks |
| 27:14 | Create | Villager (Male) |
| 27:47 | Build | House |
| 27:49 | Build | House |
| 27:51 | Build | House |
| 27:52 | Build | House |
| 28:03 | Create | Villager (Male) |
| 28:03 | Create | Villager (Male) |
| 28:52 | Build | Monastery |
| 28:53 | Create | Ratha (Ranged) |
| 28:53 | Create | Ratha (Ranged) |
| 28:58 | Research | Fletching |
| 29:22 | Build | Stable |
| 30:08 | Create | Ratha (Ranged) |
| 30:08 | Create | Ratha (Ranged) |
| 30:08 | Create | Ratha (Ranged) |
| 30:12 | Research | Devotion |
| 30:16 | Create | Monk |
| 30:25 | Build | Farm |
| 30:32 | Build | Mining Camp |
| 30:47 | Research | Bodkin Arrow |
| 31:02 | Create | Villager (Male) |
| 31:02 | Create | Villager (Male) |
| 31:02 | Create | Villager (Male) |
| 31:02 | Create | Villager (Male) |
| 31:03 | Create | Villager (Male) |
| 31:46 | Create | Villager (Male) |
| 32:02 | Build | Town Center |
| 32:29 | Build | Stone Wall |
| 33:18 | Research | Ballistics |
| 33:28 | Create | Villager (Male) |
| 33:28 | Create | Villager (Male) |
| 33:45 | Research | Padded Archer Armor |
| 33:48 | Research | Husbandry |
| 34:00 | Build | Lumber Camp |
| 34:23 | Build | Mining Camp |
| 34:28 | Create | Villager (Male) |
| 34:45 | Build | Farm |
| 34:49 | Create | Villager (Male) |
| 34:55 | Build | Farm |
| 34:56 | Build | Farm |
| 35:12 | Create | Ratha (Ranged) |
| 35:12 | Create | Ratha (Ranged) |
| 35:13 | Create | Ratha (Ranged) |
| 35:23 | Build | Farm |
| 35:28 | Create | Villager (Male) |
| 35:32 | Create | Villager (Male) ×2 |
| 35:34 | Create | Ratha (Ranged) |
| 36:42 | Create | Villager (Male) |
| 36:42 | Create | Villager (Male) |
| 36:42 | Create | Villager (Male) |
| 36:42 | Create | Villager (Male) |
| 37:28 | Build | Lumber Camp |
| 37:35 | Research | Masonry |
| 37:56 | Create | Ratha (Ranged) |
| 37:57 | Create | Ratha (Ranged) |
Build order — vinniegee
First 150 of 419 actions detected
| 0:11 | Build | Town Center |
| 0:25 | Build | Mill |
| 2:30 | Create | Villager (Male) |
| 2:30 | Create | Villager (Male) |
| 2:31 | Create | Villager (Male) |
| 2:42 | Create | Villager (Male) |
| 2:57 | Build | House |
| 3:52 | Build | House |
| 3:52 | Create | Villager (Male) |
| 4:11 | Create | Villager (Male) |
| 4:59 | Create | Villager (Male) |
| 5:06 | Create | Villager (Male) |
| 5:22 | Create | Villager (Male) |
| 5:48 | Create | Villager (Male) |
| 6:36 | Create | Villager (Male) |
| 6:36 | Create | Villager (Male) |
| 6:50 | Create | Villager (Male) |
| 6:50 | Create | Villager (Male) |
| 7:00 | Create | Villager (Male) |
| 7:00 | Create | Villager (Male) |
| 7:33 | Create | Villager (Male) |
| 7:33 | Create | Villager (Male) |
| 7:49 | Create | Villager (Male) |
| 8:54 | Build | Mill |
| 9:04 | Build | House |
| 9:05 | Build | Palisade Wall |
| 9:05 | Build | Palisade Wall |
| 9:06 | Build | Palisade Wall |
| 10:10 | Create | Villager (Male) |
| 10:19 | Build | Mining Camp |
| 10:41 | Build | Barracks |
| 11:01 | Create | Villager (Male) |
| 11:25 | Build | Palisade Wall |
| 11:32 | Research | Feudal Age |
| 11:47 | Build | Palisade Wall |
| 11:48 | Build | Palisade Wall |
| 11:52 | Build | Palisade Wall |
| 11:52 | Build | Palisade Wall |
| 12:04 | Build | Mill |
| 12:15 | Build | Lumber Camp |
| 12:41 | Build | Mill |
| 13:31 | Research | Loom |
| 13:42 | Age | Feudal Age |
| 13:44 | Build | Archery Range |
| 13:54 | Create | Villager (Male) |
| 14:18 | Build | Palisade Wall |
| 14:30 | Create | Villager (Male) |
| 14:37 | Build | Blacksmith |
| 14:48 | Build | House |
| 14:51 | Build | Palisade Wall |
| 14:59 | Build | Palisade Wall |
| 15:00 | Build | Palisade Wall |
| 15:43 | Build | Mill |
| 15:53 | Build | Farm |
| 15:56 | Research | Castle Age |
| 16:19 | Research | Horse Collar |
| 16:37 | Create | Archer |
| 16:44 | Build | Farm |
| 16:46 | Build | Farm |
| 16:53 | Build | Farm |
| 16:56 | Build | Farm |
| 17:13 | Build | Mill |
| 17:15 | Create | Archer |
| 17:18 | Create | Spearman |
| 17:27 | Build | Farm |
| 17:30 | Build | Farm |
| 17:33 | Build | Farm |
| 17:36 | Research | Double-Bit Axe |
| 17:52 | Build | Farm |
| 17:55 | Build | Farm |
| 18:04 | Create | Villager (Male) |
| 18:09 | Create | Spearman |
| 18:22 | Build | Farm |
| 18:27 | Create | Villager (Male) |
| 18:31 | Build | Farm |
| 18:36 | Age | Castle Age |
| 18:42 | Research | Fletching |
| 18:44 | Create | Villager (Male) |
| 19:13 | Create | Cavalry Archer |
| 19:13 | Create | Cavalry Archer |
| 19:15 | Create | Villager (Male) |
| 19:15 | Create | Villager (Male) |
| 19:29 | Create | Villager (Male) |
| 19:46 | Create | Villager (Male) |
| 19:50 | Build | Town Center |
| 19:56 | Build | Palisade Wall |
| 20:03 | Create | Villager (Male) |
| 20:03 | Create | Villager (Male) |
| 20:12 | Build | Farm |
| 20:34 | Create | Villager (Male) |
| 20:39 | Build | Lumber Camp |
| 20:51 | Create | Villager (Male) |
| 20:51 | Create | Villager (Male) |
| 20:59 | Research | Bow Saw |
| 20:59 | Research | Bow Saw |
| 21:11 | Create | Villager (Male) |
| 21:12 | Create | Villager (Male) |
| 21:21 | Create | Villager (Male) |
| 21:23 | Build | Monastery |
| 21:40 | Research | Heavy Plow |
| 21:50 | Create | Villager (Male) |
| 21:51 | Create | Villager (Male) |
| 21:51 | Create | Villager (Male) |
| 22:21 | Create | Villager (Male) |
| 22:21 | Create | Villager (Male) |
| 22:38 | Create | Villager (Male) |
| 22:42 | Build | House |
| 22:43 | Build | House |
| 22:44 | Build | Palisade Wall |
| 22:44 | Build | Palisade Wall |
| 22:50 | Build | Farm |
| 22:56 | Build | Farm |
| 23:04 | Research | Wheelbarrow |
| 23:08 | Create | Monk |
| 23:22 | Create | Villager (Male) |
| 23:52 | Build | House |
| 23:53 | Build | Palisade Wall |
| 23:53 | Build | Palisade Wall |
| 23:54 | Build | Palisade Wall |
| 24:04 | Build | House |
| 24:18 | Build | Palisade Wall |
| 24:36 | Create | Monk |
| 25:02 | Create | Villager (Male) |
| 25:12 | Create | Villager (Male) |
| 25:19 | Create | Villager (Male) |
| 25:31 | Create | Villager (Male) |
| 25:32 | Create | Villager (Male) |
| 25:32 | Create | Villager (Male) |
| 25:39 | Build | Mill |
| 26:08 | Build | Farm |
| 26:17 | Create | Villager (Male) |
| 26:26 | Build | House |
| 26:27 | Build | House |
| 26:28 | Build | House |
| 26:31 | Build | Palisade Wall |
| 26:31 | Build | Palisade Wall |
| 26:32 | Create | Villager (Male) |
| 26:51 | Build | Castle |
| 26:57 | Create | Villager (Male) |
| 26:57 | Create | Villager (Male) |
| 26:57 | Create | Villager (Male) |
| 27:09 | Create | Villager (Male) |
| 27:25 | Create | Villager (Male) |
| 27:25 | Create | Villager (Male) |
| 27:36 | Build | Town Center |
| 27:39 | Create | Villager (Male) |
| 27:40 | Create | Villager (Male) |
| 27:57 | Build | Mill |
| 28:05 | Build | Farm |
| 28:06 | Build | Farm |
Match timeline
| 2:35 | Ez4u2nv · wall_segment Palisade Wall x1 |
| 2:36 | Ez4u2nv · wall_segment Palisade Wall x1 |
| 3:38 | Ez4u2nv · wall_segment Palisade Wall x1 |
| 3:46 | Ez4u2nv · wall_segment Palisade Wall x1 |
| 3:50 | Ez4u2nv · wall_segment Palisade Wall x1 |
| 3:59 | Ez4u2nv · wall_segment Palisade Wall x1 |
| 6:33 | Jesse Welles · wall_segment Palisade Wall x1 |
| 6:38 | Jesse Welles · wall_segment Palisade Wall x1 |
| 6:46 | Jesse Welles · wall_segment Palisade Wall x1 |
| 8:20 | Jesse Welles · wall_segment Palisade Wall x1 |
| 8:23 | Jesse Welles · wall_segment Palisade Wall x1 |
| 9:05 | vinniegee · wall_segment Palisade Wall x1 |
| 9:05 | vinniegee · wall_segment Palisade Wall x1 |
| 9:06 | vinniegee · wall_segment Palisade Wall x1 |
| 9:41 | Jesse Welles · wall_segment Palisade Wall x1 |
| 9:47 | Jesse Welles · wall_segment Palisade Wall x1 |
| 10:01 | Jesse Welles · wall_segment Palisade Wall x1 |
| 10:39 | MacMllr · wall_segment Palisade Wall x12 |
| 10:41 | vinniegee · first_building Barracks |
| 11:20 | Ez4u2nv · first_building Barracks |
| 11:25 | vinniegee · wall_segment Palisade Wall x1 |
| 11:44 | Jesse Welles · age_up feudal |
| 11:47 | vinniegee · wall_segment Palisade Wall x1 |
| 11:48 | vinniegee · wall_segment Palisade Wall x1 |
| 11:52 | vinniegee · wall_segment Palisade Wall x1 |
| 11:52 | vinniegee · wall_segment Palisade Wall x1 |
| 12:10 | MacMllr · wall_segment Palisade Wall x14 |
| 13:15 | DH Aragorn6222 · age_up feudal |
| 13:17 | Ez4u2nv · wall_segment Palisade Wall x1 |
| 13:19 | Ez4u2nv · wall_segment Palisade Wall x1 |
| 13:23 | Ez4u2nv · wall_segment Palisade Wall x1 |
| 13:26 | Ez4u2nv · age_up feudal |
| 13:34 | YuhArtyKnow · age_up feudal |
| 13:35 | Kebek · age_up feudal |
| 13:35 | Ez4u2nv · first_building Stable |
| 13:42 | vinniegee · age_up feudal |
| 13:44 | vinniegee · first_building Archery Range |
| 13:47 | MacMllr · wall_segment Palisade Wall x13 |
| 14:02 | Raggamuffin' · age_up feudal |
| 14:15 | Raggamuffin' · wall_segment Palisade Wall x1 |
| 14:18 | vinniegee · wall_segment Palisade Wall x1 |
| 14:51 | vinniegee · wall_segment Palisade Wall x7 |
| 14:59 | vinniegee · wall_segment Palisade Wall x1 |
| 15:00 | vinniegee · wall_segment Palisade Wall x1 |
| 15:36 | Jesse Welles · age_up castle |
| 15:49 | Raggamuffin' · first_building Barracks |
| 16:01 | MacMllr · age_up feudal |
| 16:48 | Jesse Welles · first_building Monastery |
| 16:56 | YuhArtyKnow · first_market_buy 100 wood |
| 17:04 | DH Aragorn6222 · age_up castle |
| 17:31 | Jesse Welles · wall_segment Palisade Wall x1 |
| 17:36 | Kebek · age_up castle |
| 17:39 | YuhArtyKnow · age_up castle |
| 18:06 | Raggamuffin' · wall_segment Palisade Wall x1 |
| 18:07 | Raggamuffin' · wall_segment Palisade Wall x1 |
| 18:08 | Raggamuffin' · wall_segment Palisade Wall x1 |
| 18:08 | Raggamuffin' · age_up castle |
| 18:09 | Ez4u2nv · wall_segment Palisade Wall x1 |
| 18:10 | Raggamuffin' · wall_segment Palisade Wall x1 |
| 18:10 | Ez4u2nv · wall_segment Palisade Wall x1 |
| 18:10 | Raggamuffin' · wall_segment Palisade Wall x1 |
| 18:12 | MacMllr · first_building Barracks |
| 18:36 | vinniegee · age_up castle |
| 18:51 | Ez4u2nv · age_up castle |
| 18:55 | MacMllr · wall_segment Palisade Wall x1 |
| 18:56 | Kebek · first_market_buy 100 wood |
| 19:16 | Raggamuffin' · first_building Siege Workshop |
| 19:56 | vinniegee · wall_segment Palisade Wall x1 |
| 19:59 | Ez4u2nv · wall_segment Palisade Wall x1 |
| 20:45 | MacMllr · age_up castle |
| 20:47 | MacMllr · first_building Castle |
| 21:17 | MacMllr · wall_segment Palisade Wall x1 |
| 21:19 | Raggamuffin' · first_market_sell 100 food |
| 21:23 | vinniegee · first_building Monastery |
| 21:32 | MacMllr · wall_segment Palisade Wall x1 |
| 21:57 | Raggamuffin' · first_building Monastery |
| 22:44 | vinniegee · wall_segment Palisade Wall x1 |
| 22:44 | vinniegee · wall_segment Palisade Wall x1 |
| 23:23 | YuhArtyKnow · first_building Monastery |
| 23:25 | DH Aragorn6222 · first_building Castle |
| 23:43 | MacMllr · wall_segment Palisade Wall x6 |
| 23:53 | vinniegee · wall_segment Palisade Wall x1 |
| 23:53 | vinniegee · wall_segment Palisade Wall x1 |
| 23:54 | vinniegee · wall_segment Palisade Wall x1 |
| 24:14 | DH Aragorn6222 · first_building Barracks |
| 24:18 | vinniegee · wall_segment Palisade Wall x1 |
| 24:48 | Ez4u2nv · first_building Monastery |
| 24:48 | YuhArtyKnow · first_building Castle |
| 25:26 | Kebek · first_building Castle |
| 25:27 | MacMllr · first_market_buy 100 stone |
| 26:03 | YuhArtyKnow · first_building Barracks |
| 26:31 | vinniegee · wall_segment Palisade Wall x1 |
| 26:31 | vinniegee · wall_segment Palisade Wall x1 |
| 26:48 | Raggamuffin' · first_market_buy 100 wood |
| 26:51 | vinniegee · first_building Castle |
| 27:16 | Kebek · first_building Barracks |
| 27:19 | DH Aragorn6222 · first_market_buy 100 food |
| 27:26 | Ez4u2nv · wall_segment Palisade Wall x1 |
| 27:27 | Raggamuffin' · wall_segment Stone Wall x1 |
| 27:28 | Jesse Welles · first_building Barracks |
| 27:32 | Jesse Welles · first_building Castle |
| 28:40 | Jesse Welles · first_building Donjon |
| 28:42 | vinniegee · wall_segment Palisade Wall x1 |
| 28:43 | vinniegee · wall_segment Palisade Wall x2 |
| 28:43 | vinniegee · wall_segment Palisade Wall x1 |
| 28:45 | vinniegee · wall_segment Palisade Wall x1 |
| 28:45 | vinniegee · wall_segment Palisade Wall x1 |
| 28:45 | vinniegee · wall_segment Palisade Wall x1 |
| 28:52 | MacMllr · first_building Monastery |
| 28:59 | DH Aragorn6222 · first_market_sell 500 wood |
| 29:18 | Ez4u2nv · first_building Castle |
| 29:22 | MacMllr · first_building Stable |
| 29:30 | Kebek · first_building Stable |
| 30:07 | Jesse Welles · age_up imperial |
| 30:10 | YuhArtyKnow · first_market_sell 100 wood |
| 30:12 | Kebek · first_building Monastery |
| 30:31 | Raggamuffin' · first_building Castle |
| 31:25 | Kebek · first_market_sell 500 stone |
| 32:14 | Jesse Welles · first_market_buy 100 stone |
| 32:29 | vinniegee · first_building Stable |
| 32:29 | MacMllr · wall_segment Stone Wall x12 |
| 32:48 | Raggamuffin' · wall_segment Stone Wall x1 |
| 33:29 | YuhArtyKnow · age_up imperial |
| 33:38 | DH Aragorn6222 · first_building Archery Range |
| 33:47 | Ez4u2nv · wall_segment Palisade Wall x1 |
| 33:48 | Ez4u2nv · wall_segment Palisade Wall x1 |
| 33:51 | Ez4u2nv · wall_segment Palisade Wall x1 |
| 34:01 | Ez4u2nv · first_market_buy 100 food |
| 34:36 | Kebek · age_up imperial |
| 34:43 | vinniegee · age_up imperial |
| 35:15 | Raggamuffin' · age_up imperial |
| 35:54 | DH Aragorn6222 · age_up imperial |
| 37:13 | Ez4u2nv · age_up imperial |
| 38:02 | MacMllr · first_building Siege Workshop |
| 38:15 | Kebek · first_building Archery Range |
| 38:58 | Ez4u2nv · first_market_sell 100 wood |
| 40:46 | Ez4u2nv · first_building Archery Range |
| 44:05 | DH Aragorn6222 · resign |
[ AI ANALYSIS · 1 CREDIT ]
What really happened in this match?
Wolo.gg analyzes every decision: build order, eco, micro, common mistakes by bracket. Personalized analysis on WhatsApp or Discord in 30 seconds.
Civ guide
Sicilians
Map guide
Land Nomad
Perfil
Jugador #2427556